 Dungeon Crawl Stone Soup version 0.19-a0-1007-g133f65f (webtiles) character file.

112 Ijustatesigmund the Skirmisher (level 4, -1/37 HPs)
             Began as a Demonspawn Fighter on July 21, 2016.
             Slain by an ogre
             ... wielding a +0 giant club
              (25 damage)
             ... on level 4 of the Dungeon.
             The game lasted 00:04:49 (2735 turns).

Ijustatesigmund the Skirmisher (Demonspawn Fighter) Turns: 2735, Time: 00:04:50

Health: -1/37      AC:  6    Str: 20    XL:     4   Next: 64%
Magic:  4/4        EV:  9    Int:  9    God:
Gold:   213        SH: 10    Dex: 14    Spells: 0 memorised, 3 levels left

rFire  . . .     SeeInvis .     a - +1 flail
rCold  . . .     Gourm    .     b - +0 scale mail
rNeg   . . .     Faith    .     c - +1 shield
rPois  .         Spirit   .     (no helmet)
rElec  .         Dismiss  .     (no cloak)
rCorr  .         Reflect  .     (no gloves)
SustAt .         Harm     .     (no boots)
MR     .....                    h - amulet of regeneration
Stlth  ..........               (no ring)
                                e - +4 ring of strength

@: not resistant to hostile enchantments, extremely unstealthy
A: sturdy frame 1
a: no special abilities


You were on level 4 of the Dungeon.
You were very hungry.

You visited 1 branch of the dungeon, and saw 4 of its levels.

You collected 213 gold pieces.

Inventory:

Hand Weapons
 a - a +1 flail (weapon)
Armour
 b - a +0 scale mail (worn)
 c - a +1 shield (worn)
Jewellery
 e - a +4 ring of strength (left hand)
 h - an amulet of regeneration (around neck)
 r - an uncursed ring of fire
Wands
 w - a wand of iceblast (5/15)
Scrolls
 g - 4 scrolls of enchant armour
 n - 2 scrolls of blinking {unknown}
 o - a scroll of noise {unknown}
 t - 2 scrolls of recharging {unknown}
Potions
 d - a potion of might
 i - a potion of brilliance
 j - a potion of lignification
 k - a potion of heal wounds
 l - 2 potions of invisibility
 p - a potion of haste
 q - 5 potions of curing {unknown}
 u - a potion of magic {unknown}
Books
 v - a book of Power

   Spells                             Type                      Level
   a - Fulminant Prism                Conjuration/Hexes            4
   b - Iskenderun's Mystic Blast      Conjuration                  4
   c - Venom Bolt                     Conjuration/Poison           5
   d - Bolt of Magma                  Conjuration/Fire/Earth       5
   e - Iron Shot                      Conjuration/Earth            6
   f - Orb of Destruction             Conjuration                  7
   g - Spellforged Servitor           Conjuration/Summoning        7
Comestibles
 f - 5 bread rations
 m - 4 meat rations
 s - a beef jerky


   Skills:
 + Level 3.9 Fighting
 + Level 2.8 Maces & Flails
 - Level 2.6 Armour
 + Level 2.2 Dodging
 - Level 2.6 Shields


You had 3 spell levels left.
You didn't know any spells.

Dungeon Overview and Level Annotations

Branches:
Dungeon (4/15)
 Temple: D:4-7

Altars:
Pakellas


Innate Abilities, Weirdness & Mutations

Your movements are slightly less encumbered by armour. (ER -2)


Message History

No target in view!
No target in view!
You open the door.
HP restored.
There is an open door here.
An ogre comes into view. It is wielding a giant club.
You block the ogre's attack.
You hit the ogre.
The ogre is lightly wounded.
The ogre hits you with a giant club!
You thump the ogre!
The ogre is moderately wounded.
The ogre hits you but does no damage.
You barely miss the ogre.
The ogre is moderately wounded.
You block the ogre's attack.
You hit the ogre.
The ogre is heavily wounded.
The ogre hits you with a giant club!!
Ouch! That really hurt!
You die...

.#....#.....#.#####. #.........#.
....#.#.....#....................
.#.##.##....#........#......#..#.
.#.................. #......#..#.
.#..#.##....######## #......#....
.#..#.##....#.############..##+#.
.#..#.##....#........... .. .#..#
#####'###......... ..
.#..#+#.........@O.#
.#......................
.#..................###.
.#.....####.###........ .......#
#.# #####.### ##.##+## #.. ...
+.<# ### ### ##.# ..##


You could see an ogre.

Vanquished Creatures
  A howler monkey zombie (D:4)
  2 adders
  An ooze (D:1)
  3 worms
  A giant gecko (D:1)
  3 orcs (D:3)
  A ball python (D:2)
  8 bats
  4 giant cockroaches
  10 goblins
  7 hobgoblins
  A quokka (D:2)
  3 giant newts (D:1)
  A jackal skeleton (D:3)
  7 kobolds
  11 rats
64 creatures vanquished.

Vanquished Creatures (others)
  A hydra (D:3)
1 creature vanquished.

Grand Total: 65 creatures vanquished

Notes
Turn   | Place    | Note
-------+----------+-------------------------------------------
     0 | D:1      | Ijustatesigmund the Demonspawn Fighter began the quest for the Orb.
     0 | D:1      | Reached XP level 1. HP: 18/18 MP: 1/1
   150 | D:1      | You fall through a shaft!
   278 | D:2      | Gained mutation: Your movements are slightly less encumbered by armour. (ER -2) [demonic ancestry]
   278 | D:2      | Reached XP level 2. HP: 24/24 MP: 2/2
   335 | D:2      | Reached skill level 1 in Dodging
   698 | D:1      | Reached XP level 3. HP: 28/29 MP: 3/3
  1837 | D:3      | Reached XP level 4. HP: 37/37 MP: 4/4
  2464 | D:3      | Found an oddly glowing altar of Pakellas.
  2464 | D:3      | Noticed a four-headed hydra
  2484 | D:3      | Killed a four-headed hydra
  2728 | D:4      | Noticed an ogre
  2735 | D:4      | Slain by an ogre

Vault maps used:
D:1:      dpeg_arrival_pits
D:2:      minmay_wonky_spiral
D:3:      gammafunk_pakellas_cloud_experiment
D:4:      first_bread

Skill      XL: |  1  2  3  4 |
---------------+-------------+-----
Maces & Flails | 2 |  2.8
Dodging        | 1 2 |  2.2
Fighting       | |  3.9
Armour         | |  2.6
Shields        | |  2.6

Action                   |  1- 3 |  4- 6 || total
-------------------------+-------+-------++-------
Melee: Flail             |   163 |    43 ||   206
  Use: Scroll            |     4 |     4 ||     8
  Eat: Chunk             |     3 |     2 ||     5
Armor: Scale mail        |    71 |    15 ||    86
Dodge: Dodged            |    53 |    14 ||    67
Block: Shield            |    98 |    26 ||   124
